 Dungeon Crawl Stone Soup version 0.27-a0-1090-gb115f176c6 (webtiles) character file.

Game seed: 16555827775433255158

3021 karrick the Thaumaturge (level 9, -21/59 HPs)
             Began as a Djinni Fire Elementalist on Apr 27, 2021.
             Was a Believer of Okawaru.
             Demolished by Harold
             ... wielding a +0 battleaxe
              (24 damage)
             ... on level 7 of the Dungeon.
             The game lasted 00:20:37 (9123 turns).

karrick the Thaumaturge (Djinni Fire Elementalist)  Turns: 9123, Time: 00:20:38

Health: -21/59     AC: 11    Str: 10    XL:     9   Next: 85%
Gold:   152        EV: 15    Int: 16    God:    Okawaru [**....] SH:  0 Dex: 21

rFire    + + .     SeeInvis .   f - +2 short sword (venom)
rCold    x . .     Faith    .   (no shield)
rNeg     . . .     Spirit   .   E - +1 steam dragon scales
rPois    ∞         Reflect  .   b - +0 helmet
rElec    .         Harm     .   e - +2 cloak
rCorr    .         Rampage  .   c - +0 pair of gloves
Will     .....                  (boots unavailable)
Stlth    +++.......             (no amulet)
HPRegen  0.19/turn              p - ring of wizardry
MPRegen  0.00/turn              s - +6 ring of dexterity

@: mighty, marked, flying, very slightly contaminated
A: fire resistance 2, cold vulnerability 1, float, innate caster, hp casting,
extra vitality 1
a: Renounce Religion, Heroism


You were on level 7 of the Dungeon.
You worshipped Okawaru.
Okawaru was pleased with you.
You visited 2 branches of the dungeon, and saw 8 of its levels.
You also visited: Sewer.

You collected 152 gold pieces.

Inventory:

Hand Weapons
 f - a +2 short sword of venom (weapon)
 g - a +3 quarterstaff of chaos
Missiles
 l - a throwing net
 B - 8 atropa-tipped darts
Armour
 a - a +0 robe
 b - a +0 helmet (worn)
 c - a +0 pair of gloves (worn)
 e - a +2 cloak (worn)
 E - +1 steam dragon scales (worn)
Jewellery
 p - a ring of wizardry (left hand)
 s - a +6 ring of dexterity (right hand)
 D - a ring of fire
 F - a ring of ice
Wands
 n - a wand of flame (47)
 u - a wand of charming (8)
 x - a wand of digging (7)
Scrolls
 d - 8 scrolls of identify {unknown}
 j - a scroll of fog {unknown}
 k - a scroll of blinking {unknown}
 q - a scroll of immolation {unknown}
 r - a scroll of enchant armour
 t - a scroll of holy word
 v - a scroll of teleportation {unknown}
 w - 2 scrolls of noise {unknown}
 y - a scroll of fear {unknown}
 A - a scroll of summoning {unknown}
Potions
 h - 2 potions of curing {unknown}
 i - a potion of berserk rage {unknown}
 m - 2 potions of heal wounds
 o - a potion of brilliance {unknown}
 z - 2 potions of flight {unknown}


   Skills:
 + Level 2.7 Fighting
 + Level 3.2 Short Blades
 + Level 4.6 Dodging
 + Level 4.3 Stealth
 + Level 9.6 Spellcasting


You had 3 spell levels left.
You knew the following spells:

 Your Spells              Type           Power      Damage    Failure   Level
a - Foxfire               Conj/Fire      100%       2x1d9     1%          1
b - Conjure Flame         Conj/Fire      38%        6-21      1%          3
c - Inner Flame           Hex/Fire       38%        N/A       1%          3
d - Sticky Flame          Conj/Fire      38%        2d6       1%          4
e - Fireball              Conj/Fire      19%        3d9       1%          5
f - Pain                  Necr           100%       1d9       1%          1
g - Passwall              Tmut/Erth      31%        N/A       1%          2
h - Slow                  Hex            38%        N/A       1%          2
i - Portal Projectile     Hex/Tloc       76%        N/A       1%          3
Your spell library was empty.

Dungeon Overview and Level Annotations

Branches:
Dungeon (7/15)             Temple (1/1) D:5           Sewer (visited)

Altars:
Ashenzari
Cheibriados
Dithmenos
Elyvilon
Fedhas
Gozag
Hepliaklqana
Kikubaaqudgha
Nemelex Xobeh
Okawaru
Qazlal
Ru
Sif Muna
Trog
Uskayaw
Vehumet
Wu Jian
Xom
Yredelemnul
Zin
The Shining One

Shops:
D:4 [

Annotations:
D:7 Harold


Innate Abilities, Weirdness & Mutations

You are immune to poison.
Your flesh is very heat resistant. (rF++)
You are vulnerable to cold. (rC-)
You float through the air rather than walking.
You learn spells naturally, not from books.
Your magical power is your life essence.
You have superior vitality. (+4 HP)


Message History

Aim: a water moccasin (chance to affect: 46%)
Okay, then.
Casting: Sticky Flame (dangerous; 1% risk of failure)
Confirm with . or Enter, or press ? or * to list all spells.
Aiming: Fireball (dangerous; 1% risk of failure)
Press: ? - help, Shift-Dir - straight line, f/p - Harold
Aim: Harold, wielding a +0 battleaxe and wearing a +1 scale mail of poison resistance (severely wounded, strong, covered in liquid flames)
The fireball explodes!
The fireball engulfs Harold!
Harold is almost dead.
* * * LOW HITPOINT WARNING * * *
You hear a croak.
Harold burns!
The water moccasin closely misses you. Harold gestures at you while chanting.
The mark upon you grows brighter.
The water moccasin bites you but does no damage.
Unknown command.
Unknown command.
Casting: Fireball (dangerous; 1% risk of failure)
Confirm with . or Enter, or press ? or * to list all spells.
Aiming: Fireball (dangerous; 1% risk of failure)
Press: ? - help, Shift-Dir - straight line, f/p - Harold
Aim: Harold, wielding a +0 battleaxe and wearing a +1 scale mail of poison resistance (almost dead, strong, covered in liquid flames)
You miscast Fireball.
You are very lightly contaminated with residual magic.
You are caught in a violent explosion.
* * * LOW HITPOINT WARNING * * *
x2 Harold burns!
The water moccasin bites you but does no damage.
Harold fires a harpoon shot at you. The harpoon shot hits you.
* * * LOW HITPOINT WARNING * * *
You are yanked forward by the harpoon shot.
Unknown command.
Casting: Fireball (dangerous; 1% risk of failure)
Confirm with . or Enter, or press ? or * to list all spells.
You conjure some foxfire!
* * * LOW HITPOINT WARNING * * *
Harold burns!
The water moccasin barely misses you. Harold hits you with a +0 battleaxe!!
You die...

.. ...... ....... ..
.......##....... ..
................ .#
............... ..#
#...........# ...
#.........### .## .....
#............ ..####.....
#..v.........
...........##.[.@S......#
...............@.v.(...##
........#.......[........
#.....# #......<)........
###..##..................
.........................
..###..##................
#..# ?#............).$.
#..## ###..#..#..###...


You could see Harold (strong, burning, ally target) and a water moccasin (ally
target).

Vanquished Creatures
  Grinder (Sewer)
  A yak (Temple)
  A steam dragon (D:7)
  Menkaure (D:4)
  A black bear (D:6)
  2 ice beasts
  3 sky beasts
  2 ogres
  A centaur (D:7)
  2 phantoms
  2 kobold brigands
  Blork the orc (D:4)
  A bullfrog (D:7)
  A gnoll sergeant (D:3)
  4 scorpions
  A water moccasin skeleton (D:5)
  A wight (Sewer)
  2 jellies
  Crazy Yiuf (D:2)
  2 bullfrog zombies
  A centaur skeleton (D:5)
  An orc priest (D:6)
  A bullfrog skeleton (D:4)
  6 hounds
  3 iguanas
  Natasha (twice) (D:3)
  Ijyb (D:3)
  A hound zombie (D:4)
  A hound skeleton (D:5)
  A howler monkey zombie (D:5)
  A howler monkey skeleton (D:6)
  6 adders
  4 gnolls (D:3)
  2 shadow imps (Sewer)
  3 ufetubi (Sewer)
  An adder zombie (D:5)
  A worm (D:6)
  A dart slug (D:3)
  7 orcs
  5 bats
  10 endoplasms
  A giant cockroach (D:1)
  4 goblins
  5 hobgoblins
  10 jackals
  29 kobolds
  4 quokkas
  5 ball pythons
  4 frilled lizards
  2 kobold zombies (Sewer)
  6 rats
160 creatures vanquished.

Vanquished Creatures (others)
  646 foxfires
  3 fungi (D:4)
  2 plants (D:4)
651 creatures vanquished.

Grand Total: 811 creatures vanquished

Notes
Turn   | Place    | Note
-------+----------+-------------------------------------------
     0 | D:1      | karrick the Djinni Fire Elementalist began the quest for
                  | the Orb.
     0 | D:1      | Reached XP level 1. HP: 15/15 MP: 0/0
   141 | D:1      | Found a faded altar of an unknown god.
   201 | D:1      | Reached skill level 3 in Spellcasting
   201 | D:1      | Reached XP level 2. HP: 21/21 MP: 0/0
  1197 | D:2      | Reached XP level 3. HP: 23/25 MP: 0/0
  1197 | D:2      | Learned a level 1 spell: Pain
  1932 | D:2      | Found a runed translucent door.
  1933 | D:2      | Noticed Crazy Yiuf
  2270 | D:3      | Noticed a gnoll sergeant
  2596 | D:4      | Reached XP level 4. HP: 29/31 MP: 0/0
  2662 | D:4      | Reached skill level 4 in Spellcasting
  2718 | D:4      | Reached XP level 5. HP: 26/35 MP: 0/0
  2718 | D:4      | Learned a level 2 spell: Passwall
  2878 | D:4      | Noticed a sky beast
  2884 | D:4      | Killed a sky beast
  2885 | D:4      | Reached XP level 6. HP: 33/41 MP: 0/0
  2955 | D:4      | Reached skill level 5 in Spellcasting
  2957 | D:4      | Reached skill level 1 in Short Blades
  3154 | D:4      | Noticed Blork the orc
  3160 | D:4      | Killed Blork the orc
  3291 | D:4      | Found a blossoming altar of Fedhas.
  3315 | D:4      | Found a stormy altar of Qazlal.
  3357 | D:4      | Noticed Menkaure
  3362 | D:4      | Killed Menkaure
  3363 | D:4      | Reached XP level 7. HP: 23/46 MP: 0/0
  3363 | D:4      | Learned a level 2 spell: Slow
  3537 | D:4      | Found a sacrificial altar of Ru.
  3580 | D:4      | Found Meiz Qou's Armour Shoppe.
  3717 | D:5      | Entered Level 5 of the Dungeon
  3914 | D:5      | Reached skill level 6 in Spellcasting
  3997 | D:5      | Reached skill level 1 in Fighting
  4083 | D:5      | Found a staircase to the Ecumenical Temple.
  4096 | Temple   | Entered the Ecumenical Temple
  4201 | Temple   | Became a worshipper of Warmaster Okawaru
  4287 | D:5      | Reached XP level 8. HP: 48/52 MP: 0/0
  5380 | D:3      | Noticed Ijyb
  5389 | D:3      | Killed Ijyb
  5672 | D:3      | HP: 2/52 [gnoll sergeant/stone (2)]
  6006 | D:2      | Killed Crazy Yiuf
  6073 | D:3      | Reached skill level 7 in Spellcasting
  6533 | D:3      | Noticed Natasha
  6539 | D:3      | Killed Natasha
  6628 | D:3      | Found a broken altar of Ashenzari.
  6629 | D:3      | Found a sparkling altar of Nemelex Xobeh.
  6629 | D:3      | Found a hide-covered altar of Uskayaw.
  6631 | D:3      | Found a shadowy altar of Dithmenos.
  6631 | D:3      | Found a white marble altar of Elyvilon.
  6632 | D:3      | Found a glowing silver altar of Zin.
  7073 | D:6      | Reached * piety under Okawaru
  7153 | D:6      | Found a glowing drain.
  7168 | Sewer    | Entered a sewer
  7473 | Sewer    | Reached skill level 8 in Spellcasting
  7538 | Sewer    | Reached XP level 9. HP: 51/58 MP: 0/0
  7538 | Sewer    | Learned a level 3 spell: Portal Projectile
  7602 | Sewer    | Noticed Grinder
  7607 | Sewer    | Paralysed by Grinder for 2 turns
  7611 | Sewer    | Killed Grinder
  7828 | D:7      | HP: 2/58 [kobold brigand/+0 dagger (6)]
  8135 | D:7      | Reached ** piety under Okawaru
  8136 | D:7      | Reached skill level 9 in Spellcasting
  8268 | D:7      | Found an ornate altar of the Wu Jian Council.
  8291 | D:7      | Noticed Harold
  8650 | D:3      | Noticed Natasha
  8657 | D:3      | Killed Natasha
  9123 | D:7      | Demolished by Harold

Illustrated notes

Levels and vault maps discovered:
D:1:      dpeg_arrival_another_circle, layout_loops_ring,
          chequers_ecumenical_altar_simple_redux
D:2:      minmay_general_purpose_star, layout_loops_ring, hex_medium,
          uniq_crazy_yiuf_cottage
D:3:      layout_loops_ring, grunt_temple_overflow_open, uniq_ijyb, uniq_natasha
D:4:      layout_cave_pools, grunt_temple_overflow_forces_of_nature,
          nicolae_ru_path_of_blood, serial_shops, shop, minmay_manual_mail,
          uniq_menkaure, uniq_blork_the_orc
D:5:      layout_layer_cave, minmay_temple_entry_overgrown,
          minmay_misc_feat_room
D:6:      layout_basic, cheibrodos_sewer_entry_drain
D:7:      layout_cave_pools, lemuel_tele_altar, old_standard_altar,
          hangedman_decor_opposing, uniq_harold, uniq_prince_ribbit1,
          uniq_duvessa
Temple:   compressed_dpeg_triangle_lava_temple

Skill      XL: |  1  2  3  4  5  6  7  8  9 |
---------------+----------------------------+-----
Spellcasting   | 3 4 5 6 8 9 |  9.6
Stealth        | 2 3 4 |  4.3
Short Blades   | 1 2 3 |  3.2
Dodging        | 3 4 |  4.6
Fighting       | 1 2 |  2.7

Action                   |  1- 3 |  4- 6 |  7- 9 || total
-------------------------+-------+-------+-------++-------
Melee: Short sword       |     4 |     5 |    22 ||    31
 Cast: Foxfire           |    59 |    56 |   271 ||   386
       Fireball          |       |       |     4 ||     4
       Sticky Flame      |       |       |     2 ||     2
  Use: Potion            |       |       |     6 ||     6
       Scroll            |       |       |     2 ||     2
Armor: Robe              |     7 |     8 |    24 ||    39
       Skin              |       |       |     1 ||     1
       Steam dragon scal |       |       |     8 ||     8
Dodge: Dodged            |    20 |    15 |    88 ||   123

Table legend: (Time is in decaauts)
 A = Elapsed time spent in this place.
 B = Non-inter-level travel time spent in this place.
 C = Inter-level travel time spent in this place.
 D = Time resting spent in this place.
 E = Time spent auto-exploring this place.
 F = Levels seen in this place.
 G = Mean time per level.
                   A        B        C        D        E       F      G
               +--------+--------+--------+--------+--------+-----+--------+
         Total |   9131 |   8626 |    505 |    329 |   6702 |   9 | 1014.6 |
       Dungeon |   8363 |   7875 |    488 |    184 |   6291 |   7 | 1194.7 |
        Temple |    287 |    270 |     17 |    145 |     67 |   1 |  287.0 |
         Sewer |    480 |    480 |      0 |      0 |    344 |   1 |  480.0 |
               +--------+--------+--------+--------+--------+-----+--------+

Top non-repeatable levels by time:
     D:2: 1820 daAuts
     D:5: 1528 daAuts
     D:4: 1301 daAuts
     D:3: 1222 daAuts
     D:1: 1068 daAuts
     D:6: 848 daAuts
     D:7: 574 daAuts
   Sewer: 480 daAuts
  Temple: 287 daAuts
